 Dungeon Crawl Stone Soup version 0.31-a0-167-g1c394c0614 (webtiles) character file.

Game seed: 2144962415168299463

119 qw the Chopper (level 5, 0/32 HPs)
             Began as a Gargoyle Fighter on June 14, 2023.
             Slain by a gnoll
             ... wielding a +1 spear of venom
              (3 damage)
             ... on level 2 of the Dungeon.
             The game lasted 00:00:40 (1242 turns).

qw the Chopper (Gargoyle Fighter)                   Turns: 1242, Time: 00:00:42

Health: 0/32       AC: 10    Str: 22    XL:     5   Next: 3%
Magic:  5/5        EV:  9    Int:  8    God:
Gold:   185        SH:  4    Dex:  9    Spells: 4/4 levels left

rFire   . . .        Y - +0 war axe
rCold   . . .        c - +0 buckler
rNeg    + . .        b - +0 scale mail
rPois   inf          (no helmet)
rElec   +            (no cloak)
rCorr   .            (no gloves)
SInv    .            (no boots)
Will    .....        (no amulet) Stlth
                     (no ring)
HPRegen 0.25/turn    (no ring)
MPRegen 0.09/turn

%: no passive effects
@: no status effects
A: sickness immunity, AC +4, negative energy resistance 1, electricity
resistance, torment resistance 1, petrification resistance
a: no special abilities


You were on level 2 of the Dungeon.
You visited 1 branch of the dungeon, and saw 2 of its levels.

You collected 185 gold pieces.


Innate Abilities, Weirdness & Mutations

You are immune to sickness and miasma.
Your stone body is resilient. (AC +4)
You are immune to poison.
You resist negative energy. (rN+)
You are resistant to electric shocks. (rElec)
You are resistant to unholy torment.
You are immune to petrification.


   Skills:
 - Level 3.2 Fighting
 + Level 4.5 Axes
 - Level 3.2 Armour
 - Level 3.2 Shields


You had 4 spell levels left.
You didn't know any spells.
Your spell library was empty.

Inventory:

Hand Weapons
 h - a +0 club
 Y - a +0 war axe (weapon)
Armour
 b - a +0 scale mail (worn)
 c - a +0 buckler (worn)
 i - a +0 helmet
Jewellery
 a - the ring "Voton" {Contam rF+ rN+ rCorr Int+3}
   (You found it on level 2 of the Dungeon)

   [ring of protection from fire]

   Int:       It affects your intelligence (+3).
   rF:        It protects you from fire.
   rN:        It protects you from negative energy.
   Contam:    It causes magical contamination when unequipped.
   rCorr:     It protects you from acid and corrosion.
 e - an amulet of the acrobat
Scrolls
 g - 2 scrolls of identify
Potions
 d - a potion of might
 f - a potion of attraction {unknown}
 j - a potion of curing

Dungeon Overview and Level Annotations

Branches:
Dungeon (2/15)

Altars:


Message History

You have reached level 5!
You closely miss the giant cockroach.
The gnoll hits you from afar with a +1 spear of venom.
You block the giant cockroach's attack. The gnoll hits you but does no damage.
You hit the giant cockroach.
The giant cockroach is almost dead.
You block the giant cockroach's attack.
The giant cockroach bites you but does no damage.
The gnoll hits you but does no damage.
You hit the giant cockroach but do no damage.
The giant cockroach is almost dead.
The giant cockroach bites you but does no damage.
The gnoll closely misses you. The giant cockroach closely misses you.
You barely miss the giant cockroach.
The giant cockroach is almost dead.
You block the gnoll's attack. The giant cockroach barely misses you.
The gnoll hits you but does no damage.
You closely miss the giant cockroach.
The giant cockroach is almost dead.
The giant cockroach bites you but does no damage.
The gnoll hits you from afar with a +1 spear of venom.
The giant cockroach barely misses you.
You barely miss the giant cockroach.
The giant cockroach is almost dead.
The giant cockroach bites you but does no damage.
The gnoll hits you but does no damage.
You closely miss the giant cockroach.
The giant cockroach is almost dead.
The giant cockroach bites you but does no damage.
The gnoll barely misses you.
The giant cockroach bites you but does no damage.
You hit the giant cockroach but do no damage.
The giant cockroach is almost dead.
The gnoll completely misses you.
The giant cockroach bites you but does no damage.
The gnoll hits you but does no damage.
You slash the giant cockroach!
You kill the giant cockroach!
The gnoll hits you from afar with a +1 spear of venom.
You die...

.. #. #.# #.# .#
#.######.# #)##%..#.#
##.#@###..####
##.g)#~P.P..~PP .
#..#.#P~~7P~~~~ ~.
#....#.~~~~777~BP.P
#.#.....~P.P~7~~~P
#.#.#..<..#..P~7~7~
#.#.#.###.##PPP7~~ P.
#g#.#.# #...P.PP77 ~~P
#.#.#.#######~P7~77~P~


You could see a gnoll.

Vanquished Creatures
  Robin (D:2)
  3 adders (D:2)
  3 gnolls (D:2)
  A worm (D:2)
  A dart slug (D:1)
  3 bats
  2 endoplasms
  A giant cockroach (D:2)
  10 goblins
  7 hobgoblins
  4 kobolds
  A quokka (D:1)
  6 ball pythons
  2 frilled lizards (D:1)
  2 rats (D:1)
47 creatures vanquished.

Notes
Turn   | Place    | Note
-------+----------+-------------------------------------------
     0 | D:1      | qw the Gargoyle Fighter began the quest for the Orb.
     0 | D:1      | Reached XP level 1. HP: 14/14 MP: 1/1
     0 | D:1      | 0 ||| qw: Version: 0.2-a-29-g1fa15c8
     0 | D:1      | 0 ||| qw: Game counter: 5065
     0 | D:1      | 0 ||| qw: Always use a shield: true
     0 | D:1      | 0 ||| qw: God list: Okawaru
     0 | D:1      | 0 ||| qw: Allow faded altars: false
     0 | D:1      | 0 ||| qw: Do Orc after D:15 true
     0 | D:1      | 0 ||| qw: Do second Lair branch before Depths: true
     0 | D:1      | 0 ||| qw: Lair rune preference: random
     0 | D:1      | 0 ||| qw: Plans: Normal, Zot:1-4, Slime:5, God:TSO, Crypt,
                  | Tomb, Abyss, Pan, Hells, Win
     0 | D:1      | 0 ||| PLANNING D:1-11
    87 | D:1      | Reached skill level 2 in Axes
   212 | D:1      | Reached XP level 2. HP: 19/19 MP: 2/2
   212 | D:1      | 212 ||| Stepping ~*~*~tactically~*~*~ (stealth).
   213 | D:1      | 213 ||| Stepping ~*~*~tactically~*~*~ (stealth).
   303 | D:1      | 303 ||| Stepping ~*~*~tactically~*~*~ (hiding).
   632 | D:1      | Reached skill level 3 in Axes
   713 | D:1      | 713 ||| READING scroll labelled XIYPPABB ENGI.
   714 | D:1      | 714 ||| READING scroll labelled XORUNK OPUCIVO.
   715 | D:1      | 715 ||| READING scroll labelled LITAIW AFREFY.
   720 | D:1      | 720 ||| READING scroll labelled KUANUR KUYNG.
   721 | D:1      | 721 ||| DRINKING 2 murky silvery potions.
   778 | D:2      | Reached XP level 3. HP: 22/23 MP: 3/3
   825 | D:2      | Identified the ring "Voton" {Contam rF+ rN+ rCorr Int+3}
   998 | D:2      | 998 ||| Stepping ~*~*~tactically~*~*~ (stealth).
  1009 | D:2      | Reached XP level 4. HP: 27/28 MP: 4/4
  1125 | D:2      | 1125 ||| Stepping ~*~*~tactically~*~*~ (hiding).
  1133 | D:2      | Noticed Robin
  1137 | D:2      | Reached skill level 4 in Axes
  1147 | D:2      | Killed Robin
  1214 | D:2      | 1214 ||| Stepping ~*~*~tactically~*~*~ (stealth).
  1232 | D:2      | HP: 5/28 [gnoll/+1 spear of venom (6)]
  1234 | D:2      | Reached XP level 5. HP: 4/32 MP: 5/5
  1234 | D:2      | HP: 2/32 [gnoll/+1 spear of venom (2)]
  1242 | D:2      | Slain by a gnoll

Levels and vault maps discovered:
D:1:      mrwooster_arrival_statue, layout_basic, grunt_decor_mini_mirrors
D:2:      layout_loops_ring, serial_bayou_lagoon_a, uniq_terence, uniq_robin

Skill      XL: |  1  2  3  4 |
---------------+-------------+-----
Axes           | 2 3 4 |  4.5
Fighting       | |  3.2
Armour         | |  3.2
Shields        | |  3.2

Action                     |  1- 3 |  4- 6 || total
---------------------------+-------+-------++-------
  Melee: War axe           |    77 |    43 ||   120
    Use: Scroll            |     4 |       ||     4
         Potion            |     1 |       ||     1
 Armour: Scale mail        |    49 |    35 ||    84
  Dodge: Dodged            |    28 |    18 ||    46
  Block: Buckler           |    18 |     7 ||    25

Table legend:
 A = Non-vault XP
 B = Vault XP
 C = Vault XP percentage of total XP
 D = Non-vault monster count
 E = Vault monster count
 F = Vault count percentage of total count
                 A         B        C        D         E       F
            +---------+---------+-------+---------+---------+-------
      Total |     137 |      35 |  20.3 |      36 |      11 |  23.4
            +---------+---------+-------+---------+---------+-------
        D:1 |      30 |       0 |   0.0 |      18 |       0 |   0.0
        D:2 |     107 |      35 |  24.6 |      18 |      11 |  37.9
            +---------+---------+-------+---------+---------+-------
